 Dungeon Crawl Stone Soup version 0.31-a0-222-gefeffbb62a (webtiles) character file.

Game seed: 5128058946473629930

46 innerfire43 the Trooper (level 3, -1/29 HPs)
             Began as a Demonspawn Monk on July 5, 2023.
             Was a Believer of Sif Muna.
             Slain by a gnoll
             ... wielding a +0 club
              (8 damage)
             ... on level 2 of the Dungeon.
             The game lasted 00:01:10 (1339 turns).

innerfire43 the Trooper (Demonspawn Monk)           Turns: 1339, Time: 00:01:10

Health: -1/29      AC:  2    Str: 13    XL:     3   Next: 44%
Magic:  3/3        EV: 13    Int: 11    God:    Sif Muna [**....]
Gold:   96         SH:  0    Dex: 15    Spells: 2/2 levels left

rFire   . . .        a - +0 hand axe
rCold   . . .        d - orb {light}
rNeg    . . .        b - +0 robe
rPois   .            (no helmet)
rElec   .            (no cloak)
rCorr   .            (no gloves)
SInv    +            (no boots)
Will    .....        (no amulet)
Stlth   +            f - ring of see invisible
HPRegen 0.24/turn    (no ring)
MPRegen 0.08/turn

%: no passive effects
@: glowing
A: claws 1, powered by death 1
a: Renounce Religion, Channel Magic


You were on level 2 of the Dungeon.
You worshipped Sif Muna.
Sif Muna was pleased with you.
You visited 1 branch of the dungeon, and saw 2 of its levels.

You collected 96 gold pieces.

Inventory:

Hand Weapons
 a - a +0 hand axe (weapon)
Armour
 b - a +0 robe (worn)
 d - an orb of light (worn)
Jewellery
 f - a ring of see invisible (left claw)
Scrolls
 e - 3 scrolls of identify
Potions
 c - a potion of ambrosia


   Skills:
 + Level 3.6 Fighting
 + Level 3.2 Axes
 + Level 3.2 Dodging


You had 2 spell levels left.
You didn't know any spells.
Your spell library was empty.

Dungeon Overview and Level Annotations

Branches:
Dungeon (2/15)

Altars:
Sif Muna


Innate Abilities, Weirdness & Mutations

You have sharp fingernails.
You regenerate a little health from kills.


Message History

Found a ring mail.
Found an escape hatch in the ceiling.
No target in view!
Found a ring mail.
Unknown command.
You now have 96 gold pieces (gained 5).
Key pressed, stopping explore.
No target in view!
Unknown command.
No target in view!
A gnoll comes into view. It is wielding a +0 club.
The gnoll shouts!
A gnoll comes into view. It is wielding a +0 club.
Unknown command.
A gnoll comes into view. It is wielding a +0 spear.
There are monsters nearby!
Unknown command.
A gnoll comes into view. It is wielding a +0 spear.
The gnoll shouts!
There are monsters nearby!
Unknown command.
A giant cockroach comes into view.
The gnoll closely misses you.
Unknown command.
You hit the gnoll.
The gnoll is moderately wounded.
You hit the gnoll. The gnoll barely misses you.
The gnoll hits you with a +0 club!
The gnoll hits you from afar with a +0 spear.
Unknown command.
You barely miss the gnoll.
The gnoll is moderately wounded.
You hit the gnoll. The gnoll hits you with a +0 club.
The gnoll hits you from afar with a +0 spear.
* * * LOW HITPOINT WARNING * * *
A frilled lizard comes into view.
Unknown command.
You are too injured to fight recklessly!
The frilled lizard hisses angrily.
The gnoll hits you with a +0 club!
You die...

### #.# #####.##
##......#####
#...........####
...######...#...........
.l...Bg@...##...........
.....#ggg.###...........
...........##...........
.....####...#.....[.....
...#. ####..<.....####
.. # #.#####.## . ###
#<# ... ... #.# ..#.
#.####.### ..# [


You could see 4 gnolls, a giant cockroach and a frilled lizard.

Vanquished Creatures
  3 dart slugs (D:1)
  4 ball pythons (D:1)
  3 bats (D:1)
  5 endoplasms
  3 goblins
  2 hobgoblins (D:1)
  8 kobolds (D:1)
  2 quokkas (D:1)
  A frilled lizard (D:2)
  4 rats (D:1)
35 creatures vanquished.

Notes
Turn   | Place    | Note
-------+----------+-------------------------------------------
     0 | D:1      | innerfire43 the Demonspawn Monk began the quest for the
                  | Orb.
     0 | D:1      | Reached XP level 1. HP: 18/18 MP: 1/1
   222 | D:1      | Gained mutation: You regenerate a little health from kills.
                  | [demonic ancestry]
   222 | D:1      | Reached XP level 2. HP: 18/24 MP: 2/2
   574 | D:1      | Gained mutation: You have sharp fingernails. [demonic
                  | ancestry]
   574 | D:1      | Reached XP level 3. HP: 18/29 MP: 3/3
   689 | D:1      | Found a faded altar of an unknown god.
   701 | D:1      | Prayed at the altar of an unknown god.
   701 | D:1      | Became a worshipper of Sif Muna the Loreminder
   701 | D:1      | Reached * piety under Sif Muna
   701 | D:1      | Reached ** piety under Sif Muna
  1339 | D:2      | Slain by a gnoll

Illustrated notes

Levels and vault maps discovered:
D:1:      zelgadis_glass_arrival_large, layout_loops_corners, serial_aquarium,
          aquarium_bridge_straight [aquarium_subvault_bridge,
          aquarium_subvault_wall, aquarium_subvault_bridge,
          aquarium_subvault_window], aquarium_bridge_square
          [aquarium_subvault_wall, aquarium_subvault_window,
          aquarium_subvault_window, aquarium_subvault_bridge],
          aquarium_window_fake, aquarium_window_corridor_1, aquarium_window_2,
          aquarium_window_1, aquarium_view_2e, aquarium_view_2c,
          aquarium_balcony_5b, shapermc_ecumenical_altar_mp_highgroup
D:2:      minmay_angry_zag, layout_loops_cross, basic_altar, uniq_jessica

Skill      XL: |  1  2 |
---------------+-------+-----
Dodging        | 3 |  3.2
Axes           | 3 |  3.2
Fighting       | |  3.6

Action                     || total
---------------------------++-------
  Melee: Hand axe          ||   111
    Use: Scroll            ||     1
 Armour: Robe              ||    14
  Dodge: Dodged            ||    66

Table legend: (Time is in decaauts)
 A = Elapsed time spent in this place.
 B = Non-inter-level travel time spent in this place.
 C = Inter-level travel time spent in this place.
 D = Time resting spent in this place.
 E = Time spent auto-exploring this place.
 F = Levels seen in this place.
 G = Mean time per level.
                   A        B        C        D        E       F      G
               +--------+--------+--------+--------+--------+-----+--------+
         Total |   1354 |   1346 |      8 |      0 |   1108 |   2 |  677.0 |
       Dungeon |   1354 |   1346 |      8 |      0 |   1108 |   2 |  677.0 |
               +--------+--------+--------+--------+--------+-----+--------+

Top non-repeatable levels by time:
     D:1: 1276 daAuts
     D:2: 78 daAuts
